 Dungeon Crawl Stone Soup version 0.26-a0-540-g8a0c946 (webtiles) character file.

Game seed: 6151119083082039199

75410 roflturtle the Stormcaller (level 15, -2/86 HPs)
             Began as a Tengu Air Elementalist on Aug 16, 2020.
             Was a High Priest of Vehumet.
             Slain by a meliai
             ... wielding a +0 hand axe
              (4 damage)
             ... while petrified by Jorgrun
             ... on level 15 of the Dungeon.
             The game lasted 01:53:08 (27651 turns).

roflturtle the Stormcaller (TeAE)                  Turns: 27651, Time: 01:53:09

Health: -2/86      AC:  5    Str: 12    XL:     15   Next: 50%
Magic:  18/42      EV:  2    Int: 22    God:    Vehumet [*****.]
Gold:   1308       SH:  0    Dex: 18    Spells: 9/41 levels left

rFire    + . .     SeeInvis .   a - +9 falchion of Ciom {venom, rC++ Dex+4 Stlth+}
rCold    + + .     Faith    .   (no shield)
rNeg     + + +     Spirit   .   l - +1 robe {Archmagi}
rPois    ∞         Reflect  .   (helmet restricted)
rElec    +         Harm     .   (no cloak)
rCorr    .                      e - +1 pair of gloves
MR       +....                  (boots unavailable)
Stlth    +++++.....             i - amulet of magic regeneration
HPRegen  0.24/turn              t - ring "Woshros" {rElec MP+9 Str+3}
MPRegen  0.53/turn              I - ring "Idghon" {Wiz rF+}

@: petrified, flying quickly and evasively, quick
A: beak, talons 3, able to fly
a: Stop Flying, Renounce Religion


You were on level 15 of the Dungeon.
You worshipped Vehumet.
Vehumet was extremely pleased with you.
You visited 3 branches of the dungeon, and saw 22 of its levels.
You visited the Abyss 1 time.
You visited 1 bazaar.

You collected 1847 gold pieces.
You spent 539 gold pieces at shops.

Inventory:

Hand Weapons
 a - the +9 falchion of Ciom (weapon) {venom, rC++ Dex+4 Stlth+}
   (You found it on level 5 of the Dungeon)

   It poisons the flesh of those it strikes.
   It affects your dexterity (+4).
   It greatly protects you from cold.
   It makes you more stealthy.
Armour
 e - a +1 pair of gloves (worn)
 l - a +1 robe of the Archmagi (worn)
Magical Staves
 b - an uncursed staff of conjuration
Jewellery
 i - an amulet of magic regeneration (around neck)
 q - a cursed amulet of inaccuracy {unknown}
 t - the ring "Woshros" (left hand) {rElec MP+9 Str+3}
   (You found it on level 3 of the Lair of Beasts)

   [ring of magical power]

   It affects your strength (+3).
   It insulates you from electricity.
   It affects your magic capacity (+9).
 I - the ring "Idghon" (right hand) {Wiz rF+}
   (You found it on level 10 of the Dungeon)

   [ring of wizardry]

   It improves your spell success rate.
   It protects you from fire.
Wands
 s - a wand of iceblast (11)
 y - a wand of enslavement (8)
 B - a wand of random effects (20)
 C - a wand of paralysis (9)
Scrolls
 c - 12 scrolls of remove curse
 g - a scroll of holy word
 h - 2 scrolls of identify
 j - 2 scrolls of enchant armour
 m - 5 scrolls of magic mapping
 n - 15 scrolls of teleportation
 p - 10 scrolls of fog
 u - 5 scrolls of amnesia
 w - 3 scrolls of blinking
 D - a scroll of acquirement {unknown}
 E - 6 scrolls of fear
 R - 2 scrolls of enchant weapon
Potions
 d - 7 potions of curing
 f - 3 potions of heal wounds
 k - 4 potions of cancellation
 o - 6 potions of brilliance
 r - 2 potions of haste {unknown}
 v - a potion of resistance
 x - a potion of berserk rage
 z - 2 potions of might
 K - 2 potions of magic
 Q - 8 potions of ambrosia
 S - a potion of invisibility
 T - 2 potions of stabbing
Miscellaneous
 H - a lightning rod (4/4)
 J - a phial of floods
 L - a phantom mirror
 M - a box of beasts (3/3)


   Skills:
 - Level 7.0 Fighting
 - Level 7.0 Dodging
 - Level 7.0 Stealth
 + Level 13.5 Spellcasting
 - Level 15.0 Conjurations
 - Level 7.0 Fire Magic
 - Level 5.0 Ice Magic
 - Level 15.0 Air Magic
 - Level 7.1 Evocations


You had 9 spell levels left.
You knew the following spells:

 Your Spells              Type           Power        Failure   Level
a - Shock                 Conj/Air       ####         0%          1
b - Swiftness             Air            #######.     0%          2
c - Static Discharge      Conj/Air       #######.     1%          3
d - Airstrike             Air            #######...   1%          4
e - Lightning Bolt        Conj/Air       #######...   1%          5
f - Fireball              Conj/Fire      #######...   1%          5
g - Freezing Cloud        Conj/Ice/Air   #######...   1%          6
h - Conjure Ball Lightni  Conj/Air       #######...   1%          6

Your spell library contained the following spells:

 Spells                   Type           Power        Failure   Level
 Starburst                Conj/Fire      #######...   1%          6
 Apportation              Tloc           ###...       1%          1
 Corona                   Hex            ###....      1%          1
 Foxfire                  Conj/Fire      ####         1%          1
 Summon Small Mammal      Summ           ###.         1%          1
 Conjure Flame            Conj/Fire      #######.     1%          3
 Ignite Poison            Fire/Tmut/Pois #####...     1%          3
 Inner Flame              Hex/Fire       #####...     1%          3
 Sticky Flame             Conj/Fire      #######.     1%          4
 Summon Lightning Spire   Summ/Air       ######..     1%          4
 Irradiate                Conj/Tmut      ######....   1%          5
 Call Imp                 Summ           ###.....     2%          2
 Slow                     Hex            ###.....     2%          2
 Sublimation of Blood     Necr           ###.......   2%          2
 Silence                  Hex/Air        ######....   2%          5
 Call Canine Familiar     Summ           ###.....     5%          3
 Portal Projectile        Hex/Tloc       ###...       5%          3
 Summon Guardian Golem    Hex/Summ       ###.....     5%          3
 Summon Ice Beast         Ice/Summ       #####...     6%          4
 Ozocubu's Refrigeration  Ice            ######....   10%         6
 Cause Fear               Hex            ###.......   16%         4
 Leda's Liquefaction      Hex/Erth       ###.......   16%         4
 Petrify                  Tmut/Erth      ###.....     16%         4
 Metabolic Englaciation   Hex/Ice        #####.....   16%         5
 Alistair's Intoxication  Tmut/Pois      ###......    41%         5
 Tornado                  Air            #######...   58%         9
 Eringya's Noxious Bog    Tmut/Pois      ###.......   92%         6
 Controlled Blink         Tloc           N/A          100%        8


Dungeon Overview and Level Annotations

Branches:
Dungeon (15/15)            Temple (1/1) D:4            Lair (6/6) D:9
 Shoals (0/4) Lair:2        Snake (0/4) Lair:3        Slime (0/5) Lair:6
    Orc (0/2) D:12         Vaults (0/5) D:13
 Depths: D:15

Altars:
Ashenzari
Cheibriados
Dithmenos
Elyvilon
Fedhas
Gozag
Hepliaklqana
Kikubaaqudgha
Makhleb
Nemelex Xobeh
Okawaru
Qazlal
Ru
Sif Muna
Trog
Uskayaw
Vehumet
Wu Jian
Xom
Yredelemnul
Zin
The Shining One
Jiyva

Shops:
D:12 ?

Annotations:
D:4 2 transporters
Lair:6 1 runed translucent door


Innate Abilities, Weirdness & Mutations

You have a beak for a mouth.
You have claws for feet.
You can fly continuously.


Message History

Jorgrun is engulfed in freezing vapours.
Jorgrun casts a spell at you.
The wall shatters!
The blast of rock fragments hits you!!
You have turned to stone.
You kill Jorgrun!
Vehumet accepts your kill.
You feel your power returning. The meliai hits you with a +0 hand axe.
The meliai stings you! The meliai hits you with a +0 hand axe!
* * * LOW HITPOINT WARNING * * *
The meliai stings you!
* * * LOW HITPOINT WARNING * * *
The meliai hits you with a +0 hand axe!
* * * LOW HITPOINT WARNING * * *
The meliai stings you!
* * * LOW HITPOINT WARNING * * *
The meliai hits you with a +0 hand axe!
* * * LOW HITPOINT WARNING * * *
The meliai stings you!
You die...

### ..#
##### #.#
..§§§ §.#
..§§§§#.#
..§§#.###
#§§...#
#.y@#
#.........#
###.####..#
# ....
#####


You could see a meliai.

Vanquished Creatures
  Jorgrun (D:15)
  Louise (D:14)
  The ghost of Morgoth the Destroyer, a journeyman KoCj of Vehumet (Lair:1)
  The ghost of Ferelydd the Cleaver, a journeyman HOFi of Uskayaw (Lair:1)
  4 hydras
  A rakshasa (D:13)
  The ghost of Taajuown the Grappler, a novice TrMo of Cheibriados (Lair:1)
  4 vault guards (D:13)
  A centaur warrior (D:13)
  3 catoblepae (Lair:6)
  A death knight (D:13)
  3 two-headed ogres
  7 death yaks (Lair:6)
  2 thrashing horrors (Abyss:3)
  The ghost of Th3D0ct0rWh0 the Covert, a novice VSFi of Makhleb (D:9)
  3 unseen horrors
  A lindwurm (Lair:5)
  A necromancer (Lair:3)
  5 manticores
  4 oklob plants
  A cyclops (D:11)
  14 elephants
  7 ugly things
  4 black mambas
  3 gargoyles
  4 centaur skeletons
  12 cane toads
  A freezing wraith (D:14)
  10 komodo dragons
  A queen bee (Lair:4)
  2 polar bears
  3 meliai (Lair:4)
  7 trolls
  13 blink frogs
  7 hippogriffs
  A hornet (D:9)
  Grinder (D:5)
  A raiju (Abyss:3)
  A shadow (D:13)
  3 spriggans (D:9)
  A wraith (D:15)
  58 yaks
  A basilisk (Lair:2)
  4 nagas (Lair:3)
  2 soldier ants
  16 water moccasins
  5 porcupines
  7 orc warriors
  A swamp drake (D:12)
  3 phantoms
  8 sky beasts
  A black bear (D:7)
  2 eyes of draining (D:13)
  A hornet zombie (D:14)
  2 ice beasts
  2 necrophages
  5 wolves
  8 centaurs
  An ogre (D:9)
  13 crocodiles
  4 big kobolds
  16 bullfrogs
  A wyvern zombie (D:13)
  A wyvern skeleton (D:9)
  3 scorpions
  38 killer bees
  13 wights
  A howler monkey (D:6)
  2 bullfrog zombies
  2 centaur zombies
  4 hounds
  A jelly (D:7)
  10 orc priests
  8 orc wizards
  A bullfrog skeleton (D:9)
  4 iguanas
  10 worker ants
  2 hell rats (Lair:5)
  A polar bear simulacrum (Lair:3)
  2 yak simulacra (Lair:3)
  4 wolf simulacra (Lair:3)
  A hound skeleton (D:9)
  2 worker ant zombies
  20 adders
  A howler monkey skeleton (D:9)
  6 river rats (Lair:5)
  2 shadow imps
  3 white imps
  An ufetubus (D:7)
  An ooze (D:2)
  2 worms (D:4)
  3 dart slugs
  6 leopard geckos
  57 orcs
  3 giant cockroaches
  11 goblins
  4 hobgoblins
  5 jackals
  2 quokkas
  13 bats
  8 frilled lizards
  32 kobolds
  A quokka zombie (D:7)
  10 rats
  4 river rat simulacra (Lair:3)
  A butterfly (Lair:4)
  2 fungi (Lair:6)
  3 plants
615 creatures vanquished.

Vanquished Creatures (collateral kills)
  A ball lightning (D:12)
1 creature vanquished.

Vanquished Creatures (others)
  15 ball lightnings
  7 fungi
  20 plants
  2 starspawn tentacles (Abyss:3)
  4 withered plants (Lair:1)
48 creatures vanquished.

Grand Total: 664 creatures vanquished

Notes
Turn   | Place    | Note
-------+----------+-------------------------------------------
     0 | D:1      | roflturtle the Tengu Air Elementalist began the quest for
                  | the Orb.
     0 | D:1      | Reached XP level 1. HP: 10/10 MP: 4/4
   133 | D:1      | Found a glowing golden altar of the Shining One.
   198 | D:1      | Reached XP level 2. HP: 15/15 MP: 6/6
   425 | D:1      | Reached skill level 5 in Air Magic
   430 | D:1      | Learned a level 2 spell: Swiftness
   705 | D:1      | Reached XP level 3. HP: 19/19 MP: 4/7
   710 | D:1      | Learned a level 3 spell: Static Discharge
  1612 | D:2      | Found a shattered altar of Ashenzari.
  1612 | D:2      | Found a sacrificial altar of Ru.
  1918 | D:2      | Reached XP level 4. HP: 24/24 MP: 4/9
  2575 | D:3      | Gained mutation: You can fly continuously. [Tengu growth]
  2575 | D:3      | Reached XP level 5. HP: 28/28 MP: 4/10
  3114 | D:3      | Found an opulent altar of Gozag.
  3562 | D:4      | Reached XP level 6. HP: 32/32 MP: 2/12
  3689 | D:3      | Learned a level 4 spell: Airstrike
  3958 | D:4      | Found a staircase to the Ecumenical Temple.
  4029 | Temple   | Entered the Ecumenical Temple
  4121 | Temple   | Became a worshipper of Vehumet
  4316 | D:4      | Found an ornate altar of the Wu Jian Council.
  4429 | D:4      | Found a bloodstained altar of Trog.
  4587 | D:4      | Found a transporter.
  4588 | D:4      | Found a transporter.
  4726 | D:5      | Entered Level 5 of the Dungeon
  4920 | D:5      | Noticed Grinder
  4939 | D:5      | Killed Grinder
  4939 | D:5      | Reached XP level 7. HP: 26/36 MP: 6/14
  5329 | D:5      | Got a shimmering falchion
  5329 | D:5      | Identified the +9 falchion of Ciom {venom, rC++ Dex+4
                  | Stlth+} (You found it on level 5 of the Dungeon)
  5898 | D:6      | Reached XP level 8. HP: 41/41 MP: 10/15
  6685 | D:7      | Found a glowing silver altar of Zin.
  6691 | D:7      | Noticed an angel
  6696 | D:7      | Found a shimmering altar of Xom.
  6723 | D:7      | Found a sparkling altar of Nemelex Xobeh.
  6829 | D:7      | Reached skill level 1 in Fighting
  6952 | D:7      | Reached * piety under Vehumet
  6952 | D:7      | Offered knowledge of Magic Dart by Vehumet.
  6952 | D:7      | Reached skill level 10 in Air Magic
  6996 | D:7      | Learned a level 5 spell: Lightning Bolt
  7296 | D:7      | Reached skill level 5 in Conjurations
  7743 | D:8      | Found a shadowy altar of Dithmenos.
  7988 | D:8      | Reached XP level 9. HP: 36/50 MP: 8/16
  8389 | D:8      | Found a basalt altar of Yredelemnul.
  8389 | D:8      | Found a blossoming altar of Fedhas.
  8390 | D:8      | Found a snail-covered altar of Cheibriados.
  8610 | D:9      | Reached skill level 5 in Spellcasting
  8785 | D:9      | Learned a level 5 spell: Fireball
  8842 | D:9      | Found a staircase to the Lair.
  8875 | D:9      | Reached ** piety under Vehumet
  8881 | D:9      | Offered knowledge of Searing Ray by Vehumet.
  9008 | D:9      | Reached skill level 10 in Conjurations
  9287 | D:9      | Noticed a hornet
  9289 | D:9      | Killed a hornet
  9289 | D:9      | Reached XP level 10. HP: 56/56 MP: 12/20
  9528 | D:9      | Found a runed translucent door.
  9528 | D:9      | Identified the +3 spear of Yfurit {freeze, *Rage rElec
                  | Int+2 Dex+2}
  9529 | D:9      | Noticed Th3D0ct0rWh0's ghost (novice VSFi)
  9603 | D:9      | Reached skill level 5 in Fire Magic
  9761 | D:10     | Entered Level 10 of the Dungeon
  9808 | D:10     | Offered knowledge of Frozen Ramparts by Vehumet.
  9917 | D:10     | Killed an unseen horror
 10274 | D:10     | Reached *** piety under Vehumet
 10479 | D:10     | Noticed a two-headed ogre
 10484 | D:10     | Killed a two-headed ogre
 10721 | D:10     | Reached skill level 1 in Evocations
 10840 | D:10     | Got a shimmering lead ring
 10956 | D:10     | Identified the ring "Idghon" {Wiz rF+} (You found it on
                  | level 10 of the Dungeon)
 10966 | D:11     | Noticed a cyan ugly thing
 11124 | D:11     | Reached XP level 11. HP: 22/60 MP: 24/24
 11153 | D:11     | Found a flickering gateway to a bazaar.
 11159 | Bazaar   | Entered a bazaar
 11320 | Bazaar   | Found Qucsipna's Magic Scroll Emporium.
 11320 | Bazaar   | Found Faboz's Assorted Antiques.
 11327 | Bazaar   | Bought a scroll of identify for 26 gold pieces
 11327 | Bazaar   | Bought a scroll of fear for 45 gold pieces
 11327 | Bazaar   | Bought a scroll of fog for 26 gold pieces
 11327 | Bazaar   | Bought a scroll of fog for 26 gold pieces
 11342 | Bazaar   | Found Bopoduen's Book Shoppe.
 11342 | Bazaar   | Found Zarrael's Weapon Shoppe.
 11380 | Bazaar   | Bought a long smoking staff for 264 gold pieces
 11380 | Bazaar   | Bought a scroll labeled HEEVVETERY for 22 gold pieces
 11454 | D:11     | Noticed a white ugly thing
 11461 | D:11     | Killed a white ugly thing
 11461 | D:11     | Reached skill level 5 in Evocations
 11574 | D:11     | Offered knowledge of Hailstorm by Vehumet.
 11970 | D:11     | Killed a cyan ugly thing
 11970 | D:11     | Reached **** piety under Vehumet
 12020 | D:11     | Killed an unseen horror
 12163 | D:11     | You are sucked into a shaft and drop 2 floors!
 12166 | D:13     | Found a gate to the Vaults.
 12166 | D:13     | Noticed a rakshasa
 12166 | D:13     | Noticed a vault guard
 12166 | D:13     | Noticed a vault guard
 12166 | D:13     | Noticed a vault guard
 12166 | D:13     | Noticed a vault guard
 12172 | D:13     | Noticed a centaur warrior
 12189 | D:12     | Noticed a manticore
 12193 | D:12     | Killed a manticore
 12193 | D:12     | Reached skill level 5 in Fighting
 12201 | D:12     | Learned a level 6 spell: Conjure Ball Lightning
 12407 | D:12     | Offered knowledge of Lee's Rapid Deconstruction by Vehumet.
 12529 | D:12     | Found a staircase to the Orcish Mines.
 12562 | D:12     | Reached skill level 5 in Stealth
 12843 | D:12     | Reached ***** piety under Vehumet
 12843 | D:12     | Offered knowledge of Freezing Cloud by Vehumet.
 12903 | D:12     | Found Gyimn's Magic Scroll Emporium.
 12920 | D:12     | Bought a scroll of identify for 20 gold pieces
 12920 | D:12     | Bought a scroll of noise for 10 gold pieces
 12920 | D:12     | Bought a scroll of identify for 20 gold pieces
 12920 | D:12     | Bought a scroll of identify for 20 gold pieces
 12920 | D:12     | Bought 2 scrolls of identify for 40 gold pieces
 12920 | D:12     | Bought a scroll of identify for 20 gold pieces
 12964 | D:11     | Reached skill level 5 in Dodging
 13423 | D:11     | Noticed a cyclops
 13427 | D:11     | Killed a cyclops
 13687 | Lair:1   | Entered Level 1 of the Lair of Beasts
 13937 | Lair:1   | Reached XP level 12. HP: 35/68 MP: 1/26
 14123 | Lair:1   | Reached skill level 10 in Spellcasting
 14704 | Lair:1   | Noticed a six-headed hydra
 14713 | Lair:1   | Learned a level 6 spell: Freezing Cloud
 14720 | Lair:1   | Killed a seven-headed hydra
 14795 | Lair:1   | Reached skill level 1 in Ice Magic
 15212 | Lair:1   | Found a runed translucent gate.
 15212 | Lair:1   | Found a runed translucent gate.
 15213 | Lair:1   | Found a runed translucent gate.
 15213 | Lair:1   | Noticed Taajuown's ghost (novice TrMo)
 15214 | Lair:1   | Noticed Morgoth's ghost (journeyman KoCj)
 15215 | Lair:1   | Noticed Ferelydd's ghost (journeyman HOFi)
 15842 | Lair:2   | Got a polished scale mail
 15973 | Lair:2   | Found a staircase to the Shoals.
 16575 | Lair:3   | Found a staircase to the Snake Pit.
 16724 | Lair:3   | Reached XP level 13. HP: 72/72 MP: 11/29
 16762 | Lair:3   | Got a pitted bone ring
 16995 | Lair:3   | Identified the ring "Woshros" {rElec MP+9 Str+3} (You found
                  | it on level 3 of the Lair of Beasts)
 18132 | Lair:5   | Reached skill level 15 in Air Magic
 18925 | Lair:5   | You are sucked into a shaft and drop 1 floor!
 18925 | Lair:6   | Entered Level 6 of the Lair of Beasts
 19209 | Lair:6   | Found a shattered altar of Ashenzari.
 19246 | Lair:6   | Found a runed translucent door.
 19246 | Lair:6   | Found a viscous altar of Jiyva.
 19249 | Lair:6   | Found a staircase to the Slime Pits.
 19308 | Lair:6   | Reached XP level 14. HP: 82/82 MP: 20/30
 19388 | Lair:6   | Offered knowledge of Spellforged Servitor by Vehumet.
 19550 | Lair:6   | Reached skill level 5 in Ice Magic
 20851 | Lair:6   | Identified the Guide on the Spatial Snowflakes
 22433 | Lair:4   | Identified the +2 scale mail of Dithmenos {Dex+3} (You
                  | found it on level 2 of the Lair of Beasts)
 22798 | Lair:1   | Killed Ferelydd's ghost
 22859 | Lair:1   | Killed Morgoth's ghost
 22897 | Lair:1   | Killed Taajuown's ghost
 23300 | D:9      | Killed Th3D0ct0rWh0's ghost
 24835 | D:13     | Reached XP level 15. HP: 72/86 MP: 4/33
 25132 | D:13     | Offered knowledge of Starburst by Vehumet.
 26244 | D:14     | Noticed Louise
 26879 | D:14     | Cast into level 3 of the Abyss (Louise)
 26915 | Abyss:3  | Reached skill level 15 in Conjurations
 26924 | Abyss:3  | Noticed a tentacled starspawn
 26965 | D:14     | Escaped the Abyss
 26967 | D:14     | Killed Louise
 27621 | D:15     | Entered Level 15 of the Dungeon
 27636 | D:15     | Noticed Jorgrun
 27648 | D:15     | Killed Jorgrun
 27651 | D:15     | HP: 2/86 [meliai/+0 hand axe (4)]
 27651 | D:15     | Slain by a meliai

Illustrated notes

Levels and vault maps discovered:
D:1:      doesnt_arrival_eight_statues, layout_loops_ring, tso_altar
D:2:      layout_loops_ring, gammafunk_temple_overflow_pools,
          nrook_mini_backslash, minmay_misc_feat_four_crosses
D:3:      layout_basic, minmay_misc_feat_nine_boxes, grunt_gozag_breadcrumbs
D:4:      layout_basic, nicolae_overflow_crystal_walls,
          minmay_temple_entry_slanted, gammafunk_ghost_gnarly_gnolls, trog_book
D:5:      layout_loops_ring, kennysheep_crisscross, kennysheep_generic_room_6,
          uniq_grinder
D:6:      layout_basic, serial_curves, eino_curves_01, eino_curves_01
D:7:      layout_basic, grunt_temple_overflow_order_and_chaos_1,
          overflow_temple_1_default, serial_bayou_crossing
D:8:      layout_rooms, gammafunk_temple_overflow_forgotten,
          serial_co_window_serial, co_window_paths_b, co_window_paths_b,
          co_window_of_opportunity_a, co_window_cross_1, co_window_paths_a,
          co_window_broadway_c, co_window_2corner, co_window_corner_b,
          co_window_4corner_a, grunt_dithmenos_smoke
D:9:      layout_basic, lair_entry_dummy, ebering_ghost_funeral_grove
D:10:     layout_loops_cross, serial_glass, glass_columns_c, glass_columns_a
D:11:     layout_gridville, serial_shops, bzr_entry_safe
D:12:     layout_small_grid, erik_orc_1, serial_shops, shop
D:13:     layout_rooms, lightli_vaults_fourway_checkpoint
D:14:     layout_basic, uniq_louise
D:15:     grunt_enter_depths_magical_seal, layout_basic,
          hangedman_abyss_or_decor_clamps, uniq_jorgrun
Temple:   pf_slimified_temple
Lair:1:   layout_loops_ring, gammafunk_ghost_cemetery
Lair:2:   layout_roguey, minmay_shoals_entry_beasts, serial_bayou,
          serial_bayou_pond_d, serial_bayou_pond_a, serial_bayou_ford_a,
          serial_bayou_shore_a, nicolae_lair_grove_arrangements
Lair:3:   layout_cave_pods, guppyfry_snake_entry_island, eino_house_with_fridge,
          minmay_lair_oklob_chamber, grunt_megastairs_3
Lair:4:   layout_misc_corridors, special_room [special_room_bee],
          lemuel_fruit_fields, grunt_megastairs_2
Lair:5:   layout_regular_city, minmay_lair_oklob_bushes, kennysheep_rathole,
          lemuel_fruit_tree, serial_bayou_shore_b, grunt_megastairs_1
Lair:6:   evilmike_catoblepas_cave, layout_cellular_growth, slime_altar_2,
          basic_altar

Skill      XL: |  1  2  3  4  5  6  7  8  9 10 11 12 13 14 15 |
---------------+----------------------------------------------+-----
Conjurations   | 2 3 4 7 10 13 15 | 15.0
Air Magic      | 5 6 8 9 10 12 15 | 15.0
Spellcasting   | 3 4 6 8 9 11 13 | 13.5
Stealth        | 4 5 7 |  7.0
Dodging        | 3 5 7 |  7.0
Fighting       | 3 5 7 |  7.0
Fire Magic     | 4 7 |  7.0
Evocations     | 4 5 6 7 |  7.1
Ice Magic      | 4 5 |  5.0

Action                   |  1- 3 |  4- 6 |  7- 9 | 10-12 | 13-15 || total
-------------------------+-------+-------+-------+-------+-------++-------
Melee: Short sword       |    20 |    16 |       |       |       ||    36
       Kick              |     3 |     2 |    20 |    50 |    40 ||   115
       Peck              |     1 |     6 |    17 |    32 |    26 ||    82
       Falchion          |       |       |    69 |   102 |    38 ||   209
       Staff             |       |       |       |    33 |    74 ||   107
 Cast: Shock             |    78 |   133 |    39 |    42 |    26 ||   318
       Airstrike         |       |       |    59 |   190 |   339 ||   588
       Lightning Bolt    |       |       |     4 |    20 |    31 ||    55
       Fireball          |       |       |       |    18 |    20 ||    38
       Conjure Ball Ligh |       |       |       |     3 |     6 ||     9
       Freezing Cloud    |       |       |       |     1 |    48 ||    49
       Swiftness         |       |       |       |       |     1 ||     1
       Static Discharge  |       |       |       |       |     1 ||     1
 Abil: Fly               |       |       |       |     1 |       ||     1
Evoke: Phial of floods   |       |       |       |       |     1 ||     1
  Use: Scroll            |       |       |    10 |    14 |     8 ||    32
       Potion            |       |       |     1 |     1 |     3 ||     5
 Stab: Sleeping          |     3 |       |    10 |     2 |     1 ||    16
       Distracted        |       |       |     1 |       |       ||     1
Armor: Robe              |    11 |     1 |    22 |    36 |    25 ||    95
Dodge: Dodged            |    29 |    16 |    59 |   160 |   158 ||   422
       Rpst.: Falchion   |       |       |    19 |    38 |    16 ||    73

Table legend: (Time is in decaauts)
 A = Elapsed time spent in this place.
 B = Non-inter-level travel time spent in this place.
 C = Inter-level travel time spent in this place.
 D = Time resting spent in this place.
 E = Time spent auto-exploring this place.
 F = Levels seen in this place.
 G = Mean time per level.
                   A        B        C        D        E       F      G
               +--------+--------+--------+--------+--------+-----+--------+
         Total |  26945 |  25838 |   1107 |   5713 |  16427 |  24 | 1122.7 |
       Dungeon |  17466 |  16692 |    774 |   2952 |  11368 |  15 | 1164.4 |
        Temple |    105 |     92 |     13 |      0 |     84 |   1 |  105.0 |
          Lair |   9061 |   8741 |    320 |   2605 |   4945 |   6 | 1510.2 |
         Abyss |     78 |     78 |      0 |      0 |      0 |   1 |   78.0 |
        Bazaar |    232 |    232 |      0 |    155 |     28 |   1 |  232.0 |
               +--------+--------+--------+--------+--------+-----+--------+

Top non-repeatable levels by time:
  Lair:1: 2415 daAuts
  Lair:6: 2091 daAuts
     D:9: 1684 daAuts
  Lair:5: 1659 daAuts
    D:13: 1619 daAuts
    D:14: 1597 daAuts
    D:11: 1519 daAuts
     D:2: 1364 daAuts
     D:3: 1357 daAuts
    D:12: 1323 daAuts
  Lair:3: 1318 daAuts
    D:10: 1297 daAuts
     D:6: 1117 daAuts
     D:1: 1014 daAuts
     D:7: 996 daAuts
